 Dungeon Crawl Stone Soup version 0.31-a0-193-gdfe2569204 (webtiles) character file.

Game seed: 8334909085473293695

24 qw the Shooter (level 2, -4/16 HPs)
             Began as a Deep Elf Hunter on June 24, 2023.
             Slain by a gnoll
             ... wielding a +0 flail
              (7 damage)
             ... on level 1 of the Dungeon.
             The game lasted 00:00:10 (316 turns).

qw the Shooter (Deep Elf Hunter)                     Turns: 316, Time: 00:00:10

Health: -4/16      AC:  3    Str:  8    XL:     2   Next: 79%
Magic:  4/4        EV: 12    Int: 13    God:
Gold:   48         SH:  0    Dex: 18    Spells: 1/1 levels left

rFire   . . .        a - +0 shortbow
rCold   . . .        (shield currently unavailable)
rNeg    . . .        c - +0 leather armour
rPois   .            (no helmet)
rElec   .            (no cloak)
rCorr   .            (no gloves)
SInv    .            (no boots)
Will    .....        (no amulet)
Stlth   ++           (no ring)
HPRegen 0.22/turn    (no ring)
MPRegen 0.09/turn

%: no passive effects
@: no status effects
A: no striking features
a: no special abilities


You were on level 1 of the Dungeon.
You visited 1 branch of the dungeon, and saw 1 of its levels.

You collected 48 gold pieces.


   Skills:
 - Level 1.5 Fighting
 + Level 6.5 Ranged Weapons
 - Level 2.4 Dodging
 - Level 1.2 Stealth


You had one spell level left.
You didn't know any spells.
Your spell library was empty.

Inventory:

Hand Weapons
 a - a +0 shortbow (weapon)
Armour
 c - a +0 leather armour (worn)
Jewellery
 i - a +4 ring of protection
Scrolls
 b - a scroll of butterflies
 f - a scroll of amnesia {unknown}
 g - a scroll of silence {unknown}
Potions
 d - a potion of heal wounds {unknown}
 e - 2 potions of might {unknown}
 h - a potion of haste {unknown}

Dungeon Overview and Level Annotations

Branches:
Dungeon (1/15)

Altars:


Message History

The bat hits you but does no damage.
You shoot an arrow. The arrow barely misses the bat.
The bat hits you.
You shoot an arrow.
The arrow hits the bat but does no damage.
The bat is severely wounded.
The bat barely misses you.
You shoot an arrow. The arrow hits the bat.
You kill the bat!
You start resting.
HP restored.
i - a +4 ring of protection
Things that are here:
a +0 whip; 4 stones; a kobold corpse You now have 40 gold pieces (gained 7).
A bat comes into view.
Enter note:
Enter note: You shoot an arrow.
The arrow hits the bat!
You kill the bat!
You now have 48 gold pieces (gained 8).
A gnoll comes into view. It is wielding a +0 flail.
The gnoll shouts!
Enter note:
Enter note:
Enter note: You shoot an arrow.
The arrow hits the gnoll but does no damage.
You shoot an arrow. The arrow barely misses the gnoll.
The gnoll hits you with a +0 flail.
You shoot an arrow. The arrow hits the gnoll.
The gnoll is moderately wounded.
The gnoll hits you with a +0 flail!
You shoot an arrow. The arrow hits the gnoll.
The gnoll is heavily wounded.
The gnoll hits you with a +0 flail.
You shoot an arrow. The arrow hits the gnoll.
The gnoll is severely wounded.
The gnoll hits you with a +0 flail!
You die...

###......... ...........
#......%.. ##
####......... ###..
##............ .....#
####..##.........
......##....###.........
......g..#### ##.......#
.......@## ##.......
....%..## #######.
....... ## .......
......# .....# #####


You could see a gnoll.

Vanquished Creatures
  A gnoll (D:1)
  2 bats (D:1)
  An endoplasm (D:1)
  2 hobgoblins (D:1)
  A quokka (D:1)
  2 ball pythons (D:1)
  A frilled lizard (D:1)
  2 goblins (D:1)
  2 kobolds (D:1)
  A rat (D:1)
15 creatures vanquished.

Notes
Turn   | Place    | Note
-------+----------+-------------------------------------------
     0 | D:1      | qw the Deep Elf Hunter began the quest for the Orb.
     0 | D:1      | Reached XP level 1. HP: 12/12 MP: 3/3
     0 | D:1      | 0 ||| qw: Version: 0.3-a-9-g12657ce
     0 | D:1      | 0 ||| qw: Game counter: 4687
     0 | D:1      | 0 ||| qw: Always use a shield: true
     0 | D:1      | 0 ||| qw: God list: Okawaru
     0 | D:1      | 0 ||| qw: Allow faded altars: false
     0 | D:1      | 0 ||| qw: Do Orc after D:15 true
     0 | D:1      | 0 ||| qw: Do second Lair branch before Depths: true
     0 | D:1      | 0 ||| qw: Lair rune preference: random
     0 | D:1      | 0 ||| qw: Plans: Normal
     0 | D:1      | 0 ||| PLANNING D:1-11
   140 | D:1      | Reached skill level 6 in Ranged Weapons
   140 | D:1      | Reached XP level 2. HP: 16/16 MP: 4/4
   314 | D:1      | HP: 4/16 [gnoll/+0 flail (7)]
   316 | D:1      | Slain by a gnoll

Levels and vault maps discovered:
D:1:      mrwooster_arrival_statue_2, layout_rooms

Skill      XL: |  1 |
---------------+----+-----
Ranged Weapons | 6 |  6.5
Fighting       | |  1.5
Dodging        | |  2.4
Stealth        | |  1.2

Action                     || total
---------------------------++-------
   Fire: Shortbow          ||    46
 Armour: Leather armour    ||     2
  Dodge: Dodged            ||     6

Table legend:
 A = Non-vault XP
 B = Vault XP
 C = Vault XP percentage of total XP
 D = Non-vault monster count
 E = Vault monster count
 F = Vault count percentage of total count
                 A         B        C        D         E       F
            +---------+---------+-------+---------+---------+-------
      Total |      35 |       0 |   0.0 |      15 |       0 |   0.0
            +---------+---------+-------+---------+---------+-------
        D:1 |      35 |       0 |   0.0 |      15 |       0 |   0.0
            +---------+---------+-------+---------+---------+-------
